 Dungeon Crawl Stone Soup version 0.19.1-1-g22dce08 (webtiles) character file.

18726 sveltemanboy the Devastator (level 12, -16/62 HPs)
             Began as a Deep Elf Conjurer on Jan 6, 2017.
             Was an Elder of Vehumet.
             Splashed by an oklob plant's acid (18 damage)
             ... on level 2 of the Lair of Beasts.
             The game lasted 00:51:36 (14146 turns).

sveltemanboy the Devastator (Deep Elf Conjurer)    Turns: 14146, Time: 00:51:36

Health: -16/62     AC: 11    Str:  9    XL:     12   Next: 30%
Magic:  11/34      EV: 15    Int: 26    God:    Vehumet [****..]
Gold:   391        SH:  0    Dex: 15    Spells: 7 memorised, 1 level left

rFire  . . .     SeeInvis .     F - staff of wizardry
rCold  . . .     Gourm    .     s - +1 troll leather armour
rNeg   . . .     Faith    .     (no shield)
rPois  +         Spirit   .     (helmet restricted)
rElec  .         Reflect  .     b - +0 cloak
rCorr  .         Harm     .     E - +2 pair of gloves
MR     +....                    (no boots)
Stlth  ++........               (no amulet)
                                z - ring of magical power
                                y - +6 ring of protection

@: corroded
A: antennae 1, hooves 1, blurry vision 1, poison resistance, strong 2, wild
magic 1, sturdy frame 1
a: Renounce Religion


You were on level 2 of the Lair of Beasts.
You worshipped Vehumet.
Vehumet was greatly pleased with you.
You were not hungry.

You visited 3 branches of the dungeon, and saw 15 of its levels.

You collected 691 gold pieces.
You spent 300 gold pieces at shops.

Inventory:

Hand Weapons
 j - the +9 trident "Maukh" {pierce, rPois SInv}
   (You found it on level 1 of the Lair of Beasts)

   It inflicts extra damage upon your enemies.
   It protects you from poison.
   It lets you see invisible.
Missiles
 d - 2 throwing nets
 r - 9 javelins (quivered)
Armour
 b - a +0 cloak (worn)
 s - a +1 troll leather armour (worn)
 E - a +2 pair of gloves (worn)
Magical Staves
 F - an uncursed staff of wizardry (weapon)
Jewellery
 y - a +6 ring of protection (left hand)
 z - a ring of magical power (right hand)
Wands
 n - a wand of digging (16/24)
 o - a wand of digging (11/24)
Scrolls
 a - a scroll of brand weapon
 e - 2 scrolls of summoning
 g - 2 scrolls of teleportation
 i - a scroll of identify
 k - 2 scrolls of blinking
 l - 2 scrolls of remove curse
 m - 3 scrolls of enchant weapon
 q - 2 scrolls of recharging
 v - a scroll of amnesia
Potions
 t - 2 potions of flight
 u - 4 potions of haste
 w - a potion of cancellation
 x - a potion of ambrosia
 B - a potion of invisibility
 C - 2 potions of might
 D - 3 potions of curing
 H - a potion of heal wounds
Comestibles
 c - 7 bread rations
 f - 2 royal jellies
 p - 8 meat rations
 A - 11 fruits


   Skills:
 - Level 2.2 Fighting
 - Level 4.5 Staves
 - Level 2.0 Armour
 - Level 5.3 Dodging
 - Level 2.4 Stealth
 - Level 7.7 Spellcasting
 + Level 16.3 Conjurations
 + Level 7.8 Hexes
 - Level 9.2 Charms
 + Level 3.5 Transmutations
 - Level 2.1 Fire Magic


You had one spell level left.
You knew the following spells:

 Your Spells              Type           Power        Failure   Level  Hunger
a - Magic Dart            Conj           ####         1%          1    None
b - Yara's Violent Unrav  Hex/Tmut       ######....   3%          5    ####...
c - Inner Flame           Hex/Fire       #####...     1%          3    None
d - Iskenderun's Mystic   Conj           #######.     1%          4    ##.....
e - Fulminant Prism       Conj/Hex       #######...   1%          4    ##.....
f - Iskenderun's Battles  Conj/Chrm      #######.     1%          5    ####...
g - Mephitic Cloud        Conj/Pois/Air  #####...     1%          3    None


Dungeon Overview and Level Annotations

Branches:
Dungeon (12/15)            Temple (1/1) D:5            Lair (2/6) D:10
 Shoals (0/4) Lair:2        Snake (0/4) Lair:2          Orc (0/2) D:10

Altars:
Ashenzari
Cheibriados
Dithmenos
Elyvilon
Fedhas
Gozag
Hepliaklqana
Kikubaaqudgha
Makhleb
Nemelex Xobeh
Okawaru
Qazlal
Ru
Sif Muna
Uskayaw
Vehumet
Xom
Yredelemnul
Zin
The Shining One

Shops:
D:6 %   D:8 (?[!

Annotations:
D:3 dscm's ghost, amateur HOFi
Lair:2 exclusion: 3 oklob plants


Innate Abilities, Weirdness & Mutations

You have a pair of small antennae on your head.
You have large cloven feet.
Scrolls take you a little longer to read.
Your system is resistant to poisons. (rPois)
Your muscles are very strong. (Str +4)
Your spells are a little harder to cast, but a little more powerful.
Your movements are slightly less encumbered by armour. (ER -2)


Message History

Press: ? - help, Shift-Dir - straight line, f/p - oklob plant
Aim: an oklob plant (moderately damaged, inner flame)
The orb of energy hits the oklob plant.
The oklob plant is heavily damaged.
The orb of energy explodes!
The mystic blast hits the plant.
You destroy the plant!
Unknown command.
Casting: Iskenderun's Mystic Blast
Confirm with . or Enter, or press ? or * to list all spells.
Aiming: Fulminant Prism
Press: ? - help, Dir - move target cursor, p - oklob plant You conjure a prism of explosive energy!
The oklob plant spits acid at you. The splash of acid hits you!
You are splashed with acid!
The acid burns!
* * * LOW HITPOINT WARNING * * *
The oklob plant spits acid at you. The splash of acid hits you!
* * * LOW HITPOINT WARNING * * *
You are splashed with acid!
The acid burns!
You die...

##### #####...##### ##
#.... #P≈≈.....≈≈P#
#.P##.#..
#P≈.......≈P# ........
#P≈.......≈.# ##...P
#P≈.......≈P# #....
#P≈.......≈*#.
#####..#
#P≈≈.....≈≈P#..
..###.# ####@######.P
..P #.# ##...*.#.##...
#.# #..
#P.#.....##..###.###.#
#........##..P##.#.#.#
##..##.####.......#...
##.###.# #...........
#P.##[.####..##...##..
##...P..##..#.PP..##.#
#......##............


You could see 3 oklob plants, a friendly fulminant prism and a friendly
battlesphere.

Vanquished Creatures
  Snorg (D:11)
  A hydra (D:11)
  An unseen horror (D:11)
  Pikel (D:8)
  A hill giant (D:11)
  2 ugly things
  A centaur zombie (D:8)
  3 spiny frogs
  A rime drake (Lair:1)
  3 komodo dragons
  A troll (D:10)
  A hippogriff (D:6)
  A shadow (D:11)
  Sigmund (D:5)
  A wraith (D:10)
  27 yaks
  Grum (D:8)
  2 basilisks (D:10)
  A steam dragon (D:8)
  2 hungry ghosts
  Menkaure (D:5)
  A naga (Lair:2)
  A soldier ant (D:12)
  3 water moccasins
  4 porcupines
  2 sky beasts
  8 ice beasts
  5 orc warriors
  3 phantoms
  3 centaurs
  7 ogres
  A wolf (D:7)
  4 crocodiles
  3 big kobolds
  A wyvern zombie (D:7)
  12 bullfrogs
  A wyvern skeleton (D:7)
  3 scorpions
  18 killer bees
  A howler monkey (D:9)
  2 jellies
  5 crimson imps
  A quasit (D:11)
  6 hounds
  2 bullfrog skeletons
  7 orc priests
  8 orc wizards
  A centaur skeleton (D:6)
  3 iguanas
  7 worker ants
  2 hound skeletons
  7 gnolls
  A worker ant zombie (D:5)
  10 adders
  A shadow imp (D:9)
  3 oozes
  2 adder skeletons
  A worm (D:2)
  3 dart slugs
  5 leopard geckos
  39 orcs
  3 ball pythons
  6 bats
  5 giant cockroaches
  2 gnoll zombies (D:7)
  7 goblins
  5 hobgoblins
  15 jackals
  12 kobolds
  3 quokkas
  A ball python skeleton (D:4)
  3 frilled lizards
  A leopard gecko zombie (D:5)
  6 rats
  2 plants (Lair:2)
322 creatures vanquished.

Vanquished Creatures (others)
  3 slaves (D:8)
  A wolf (D:8)
  An orc wizard (D:8)
  An iguana (D:8)
  A worker ant (D:8)
  An adder (D:8)
  An orc (D:8)
  A quokka (D:7)
  20 fulminant prisms
  2 plants (Lair:2)
32 creatures vanquished.

Grand Total: 354 creatures vanquished

Notes
Turn   | Place    | Note
-------+----------+-------------------------------------------
     0 | D:1      | sveltemanboy the Deep Elf Conjurer began the quest for the Orb.
     0 | D:1      | Reached XP level 1. HP: 10/10 MP: 6/6
   177 | D:1      | Reached XP level 2. HP: 15/15 MP: 5/8
   207 | D:1      | Learned a level 2 spell: Searing Ray
   237 | D:1      | Reached skill level 5 in Conjurations
   850 | D:1      | Reached XP level 3. HP: 19/19 MP: 5/9
  1087 | D:2      | Learned a level 3 spell: Dazzling Spray
  1429 | D:2      | Reached skill level 1 in Hexes
  1433 | D:2      | Reached XP level 4. HP: 24/24 MP: 0/11
  1523 | D:2      | Learned a level 4 spell: Iskenderun's Mystic Blast
  2341 | D:3      | Found an iron altar of Okawaru.
  2450 | D:3      | Noticed dscm's ghost (amateur HOFi)
  2586 | D:4      | Reached skill level 6 in Conjurations
  2667 | D:4      | Reached XP level 5. HP: 28/28 MP: 11/13
  2802 | D:4      | Reached skill level 1 in Armour
  3069 | D:4      | Reached XP level 6. HP: 32/32 MP: 2/14
  3314 | D:4      | Reached skill level 7 in Conjurations
  3810 | D:5      | Entered Level 5 of the Dungeon
  3820 | D:5      | Reached skill level 5 in Spellcasting
  3820 | D:5      | Reached XP level 7. HP: 26/36 MP: 7/16
  3890 | D:5      | Learned a level 4 spell: Fulminant Prism
  3944 | D:5      | Noticed Menkaure
  3964 | D:5      | Killed Menkaure
  3964 | D:5      | Reached skill level 8 in Conjurations
  4088 | D:5      | Found a staircase to the Ecumenical Temple.
  4103 | Temple   | Entered the Ecumenical Temple
  4238 | Temple   | Became a worshipper of Vehumet
  4291 | D:5      | Reached skill level 9 in Conjurations
  4370 | D:5      | Noticed Sigmund
  4383 | D:5      | Killed Sigmund
  4383 | D:5      | Reached XP level 8. HP: 41/41 MP: 11/20
  4742 | D:5      | Learned a level 5 spell: Iskenderun's Battlesphere
  4746 | D:5      | Found a faded altar of an unknown god.
  4746 | D:5      | Found a shattered altar of Ashenzari.
  4751 | D:5      | Found a faded altar of an unknown god.
  4760 | D:5      | Found a faded altar of an unknown god.
  4762 | D:5      | Found a faded altar of an unknown god.
  4984 | D:5      | Reached skill level 1 in Charms
  5177 | D:6      | Reached skill level 10 in Conjurations
  5918 | D:6      | Noticed a hippogriff
  5924 | D:6      | Killed a hippogriff
  5924 | D:6      | Reached * piety under Vehumet
  5924 | D:6      | Offered knowledge of Flame Tongue by Vehumet.
  5924 | D:6      | Reached skill level 11 in Conjurations
  5924 | D:6      | Reached skill level 5 in Charms
  5924 | D:6      | Reached XP level 9. HP: 45/45 MP: 13/21
  6177 | D:6      | Found Gafraal's Food Shoppe.
  6350 | D:6      | Found a glowing silver altar of Zin.
  6808 | D:7      | Found a basalt altar of Yredelemnul.
  7013 | D:7      | Noticed a purple ugly thing
  7154 | D:6      | Reached skill level 12 in Conjurations
  7357 | D:7      | Found a white marble altar of Elyvilon.
  7438 | D:7      | Killed a purple ugly thing
  7443 | D:7      | Gained mutation: You occasionally shout uncontrollably at your foes. [mutagenic meat]
  7444 | D:7      | Gained mutation: Your spells are a little easier to cast, but a little less powerful. [mutagenic meat]
  7446 | D:7      | Lost mutation: Your spells are a little easier to cast, but a little less powerful. [potion of cure mutation]
  7446 | D:7      | Lost mutation: You occasionally shout uncontrollably at your foes. [potion of cure mutation]
  7537 | D:8      | Found Ratu's Magic Scroll Boutique.
  7545 | D:8      | HP: 2/45 [scorpion (6)]
  7834 | D:8      | Bought a scroll of brand weapon for 300 gold pieces
  7844 | D:8      | Reached skill level 13 in Conjurations
  7848 | D:8      | Noticed Pikel
  7858 | D:8      | Noticed Grum
  7863 | D:8      | Killed Pikel
  7863 | D:8      | Reached XP level 10. HP: 35/50 MP: 3/22
  8071 | D:8      | Killed Grum
  8406 | D:8      | Gained mutation: Scrolls take you a little longer to read. [mutagenic meat]
  8407 | D:8      | Gained mutation: You have a pair of small antennae on your head. [mutagenic meat]
  8408 | D:8      | Gained mutation: Your spells are a little harder to cast, but a little more powerful. [mutagenic meat]
  8409 | D:8      | Gained mutation: Your muscles are strong. (Str +2) [mutagenic meat]
  8410 | D:8      | Gained mutation: Your muscles are very strong. (Str +4) [mutagenic meat]
  8411 | D:8      | Gained mutation: You have large cloven feet. [mutagenic meat]
  8486 | D:8      | Found Vopaesch's Antique Weapon Shop.
  8542 | D:8      | Found Puesina's Armour Shop.
  8603 | D:8      | Reached ** piety under Vehumet
  8604 | D:8      | Offered knowledge of Freeze by Vehumet.
  8621 | D:8      | Reached skill level 1 in Fighting
  8978 | D:8      | Found Sijam's Distillery.
  9065 | D:8      | Reached skill level 14 in Conjurations
 10071 | D:9      | Found a shimmering altar of Xom.
 10493 | D:10     | Entered Level 10 of the Dungeon
 10563 | D:10     | Found a staircase to the Orcish Mines.
 10677 | D:10     | Offered knowledge of Mephitic Cloud by Vehumet.
 10761 | D:10     | Learned a level 3 spell: Mephitic Cloud
 10772 | D:10     | Found a staircase to the Lair.
 10819 | D:10     | Noticed a spiny frog
 10821 | D:10     | Killed a spiny frog
 10950 | D:10     | Reached *** piety under Vehumet
 10950 | D:10     | Reached XP level 11. HP: 57/57 MP: 17/23
 11137 | D:10     | Reached skill level 15 in Conjurations
 11254 | D:11     | Noticed a hill giant
 11260 | D:11     | Killed a hill giant
 11260 | D:11     | Reached skill level 5 in Dodging
 11319 | D:11     | Reached skill level 1 in Staves
 11321 | D:11     | Offered knowledge of Inner Flame by Vehumet.
 11359 | D:11     | Learned a level 3 spell: Inner Flame
 11385 | D:11     | Noticed a red ugly thing
 11391 | D:11     | Killed a red ugly thing
 11391 | D:11     | Reached skill level 1 in Fire Magic
 11439 | D:11     | Gained mutation: Your system is resistant to poisons. (rPois) [mutagenic meat]
 11440 | D:11     | Gained mutation: Your movements are slightly less encumbered by armour. (ER -2) [mutagenic meat]
 11681 | D:11     | Noticed Snorg
 11684 | D:11     | Noticed a seven-headed hydra
 11691 | D:11     | Killed an unseen horror
 11693 | D:11     | Killed a seven-headed hydra
 11699 | D:11     | Killed Snorg
 11700 | D:11     | Reached **** piety under Vehumet
 11700 | D:11     | Reached skill level 5 in Hexes
 11944 | D:11     | Offered knowledge of Yara's Violent Unravelling by Vehumet.
 12382 | Lair:1   | Entered Level 1 of the Lair of Beasts
 12630 | Lair:1   | Learned a level 5 spell: Yara's Violent Unravelling
 12752 | Lair:1   | Got an encrusted trident
 12753 | Lair:1   | Identified the +9 trident "Maukh" {pierce, rPois SInv} (You found it on level 1 of the Lair of Beasts)
 13140 | Lair:1   | Reached skill level 16 in Conjurations
 13223 | Lair:2   | Reached XP level 12. HP: 62/62 MP: 25/25
 13275 | Lair:2   | Reached skill level 1 in Transmutations
 13910 | Lair:2   | Found a staircase to the Shoals.
 13962 | Lair:2   | Found a staircase to the Snake Pit.
 14146 | Lair:2   | HP: 2/62 [oklob plant/splash of acid (9)]
 14146 | Lair:2   | Splashed by an oklob plant's acid

Skill      XL: |  1  2  3  4  5  6  7  8  9 10 11 12 |
---------------+-------------------------------------+-----
Conjurations   | 5 6 7 9 11 13 14 16 | 16.3
Hexes          | 1 2 6 7 |  7.8
Spellcasting   | 4 5 6 7 |  7.7
Armour         | 1 2 |  2.0
Charms         | 5 8 9 |  9.2
Fighting       | 2 |  2.2
Dodging        | 4 5 |  5.3
Staves         | 4 |  4.5
Fire Magic     | 2 |  2.1
Transmutations | 3 |  3.5
Stealth        | |  2.4

Action                   |  1- 3 |  4- 6 |  7- 9 | 10-12 || total
-------------------------+-------+-------+-------+-------++-------
Melee: Mace              |       |    22 |     1 |     1 ||    24
       Dagger            |       |     5 |    36 |       ||    41
       Whip              |       |       |       |    36 ||    36
       Kick              |       |       |       |     8 ||     8
       Staff             |       |       |       |    14 ||    14
Throw: Javelin           |       |    12 |     2 |       ||    14
 Cast: Magic Dart        |    76 |    81 |   118 |   264 ||   539
       Dazzling Spray    |     1 |     9 |    16 |     3 ||    29
       Searing Ray       |       |     5 |    38 |    19 ||    62
       Fulminant Prism   |       |       |    12 |     9 ||    21
       Iskenderun's Myst |       |       |     2 |    34 ||    36
       Iskenderun's Batt |       |       |     4 |    41 ||    45
       Mephitic Cloud    |       |       |       |     5 ||     5
       Inner Flame       |       |       |       |     3 ||     3
  Use: Scroll            |       |     8 |     7 |    11 ||    26
       Potion            |       |       |    10 |       ||    10
 Stab: Distracted        |       |     1 |       |       ||     1
       Invisible         |       |     1 |       |       ||     1
       Sleeping          |       |       |       |     2 ||     2
  Eat: Chunk             |     1 |     8 |    17 |    37 ||    63
       Beef jerky        |       |       |       |     1 ||     1
       Pizza             |       |       |       |     1 ||     1
Armor: Robe              |     1 |     1 |       |       ||     2
       Leather armour    |       |    13 |    68 |    61 ||   142
       Troll leather arm |       |       |       |    20 ||    20
Dodge: Dodged            |     1 |    33 |    95 |   108 ||   237
